 Dungeon Crawl Stone Soup version 0.23-a0-582-g1b4a0ca (webtiles) character file.

11238 MisterFreud the Blocker (level 11, -15/92 HPs)
             Began as a Troll Hunter on Dec 16, 2018.
             Was a High Priest of Okawaru.
             Demolished by a four-headed hydra (16 damage)
             ... on level 11 of the Dungeon.
             The game lasted 00:27:56 (10268 turns).

MisterFreud the Blocker (Troll Hunter)             Turns: 10268, Time: 00:27:57

Health: -15/92     AC:  6    Str: 25    XL:     11   Next: 46%
Magic:  13/13      EV: 17    Int:  7    God:    Okawaru [*****.]
Gold:   476        SH: 13    Dex: 15    Spells: 10/10 levels left

rFire    . . .     SeeInvis .     - Unarmed
rCold    . . .     Gourm    +   K - +2 shield
rNeg     . . .     Faith    .   N - +1 robe {MR+}
rPois    .         Spirit   .   H - +0 hat "Xipidgh" {+Blink rElec rCorr}
rElec    +         Reflect  .   (no cloak)
rCorr    +         Harm     .   (gloves unavailable)
MR       +....                  (boots unavailable)
Stlth    +.........             (no amulet)
HPRegen  0.65/turn              w - +5 ring of dexterity
MPRegen  0.13/turn              F - +2 ring of evasion

@: slowed, drained, very slow
A: large, unfitting armour, claws 3, fast metabolism 3, gourmand, regeneration
1, shaggy fur 1, tough skin 2
a: Heroism, Finesse, Renounce Religion, Evoke Blink


You were on level 11 of the Dungeon.
You worshipped Okawaru.
Okawaru was extremely pleased with you.
You were very full.

You visited 2 branches of the dungeon, and saw 12 of its levels.
You also visited: Sewer.

You collected 619 gold pieces.
You spent 143 gold pieces at shops.

Inventory:

Missiles
 a - 407 stones (quivered)
 m - 6 javelins of penetration
 n - 6 curare-tipped needles
 s - 20 tomahawks
 A - 2 javelins
 J - 6 poisoned javelins
Armour
 H - the +0 hat "Xipidgh" (worn) {+Blink rElec rCorr}
   (Okawaru gifted it to you on level 10 of the Dungeon)

   It insulates you from electricity.
   It lets you blink.
   It provides partial protection from all sources of acid and corrosion.
 K - a +2 shield (worn)
 L - a +2 robe of fire resistance
 N - a +1 robe of magic resistance (worn)
Jewellery
 w - a +5 ring of dexterity (left claw)
 E - an uncursed ring of positive energy
 F - a +2 ring of evasion (right claw)
 G - an uncursed ring of positive energy
Wands
 p - a wand of random effects (36)
 u - a wand of clouds (6)
 y - a wand of disintegration (16)
 B - a wand of iceblast (6)
 I - a wand of flame (9)
 M - a wand of polymorph (10)
Scrolls
 i - 5 scrolls of remove curse
 k - 2 scrolls of magic mapping
 q - 3 scrolls of teleportation
 r - a scroll of identify
 t - 2 scrolls of enchant armour
 x - 2 scrolls of fog
Potions
 b - a potion of brilliance {unknown}
 e - 4 potions of curing
 g - a potion of heal wounds
 h - 6 potions of haste
 j - 4 potions of flight
 l - 3 potions of magic
 o - a potion of agility
 v - a potion of resistance {unknown}
 z - 2 potions of might {unknown}
 C - 3 potions of mutation
 D - 2 potions of ambrosia {unknown}
Comestibles
 f - 19 rations


   Skills:
 - Level 1.5(1.4) Fighting
 - Level 6.0(5.9) Throwing
 - Level 8.0(7.9) Dodging
 - Level 0.3(0.2) Stealth
 - Level 9.0(8.8) Shields
 - Level 8.0(7.9) Unarmed Combat
 + Level 5.0(4.9) Evocations


You had 10 spell levels left.
You didn't know any spells.
Your spell library contained the following spells:

 Spells                   Type           Power        Failure   Level  Hunger
 Beastly Appendage        Tmut           #.....       43%         1    ##.....
 Sticks to Snakes         Tmut           #.......     56%         2    ###....
 Spider Form              Tmut/Pois      #.........   80%         3    ####...
 Ice Form                 Ice/Tmut       #.......     99%         4    #####..
 Blade Hands              Tmut           #.........   100%        5    ######.


Dungeon Overview and Level Annotations

Branches:
Dungeon (11/15)            Temple (1/1) D:4            Lair (0/6) D:11
    Orc (0/2) D:9

Altars:
Ashenzari
Cheibriados
Dithmenos
Elyvilon
Fedhas
Gozag
Hepliaklqana
Kikubaaqudgha
Makhleb
Nemelex Xobeh
Okawaru
Qazlal
Ru
Sif Muna
Trog
Uskayaw
Vehumet
Wu Jian
Xom
Yredelemnul
Zin
The Shining One

Shops:
D:4 =!   D:6 *

Annotations:
D:6 3 runed doors, Jawreze's ghost, novice GrFi


Innate Abilities, Weirdness & Mutations

You are too large for most types of armour.
You have claws for hands.
Your metabolism is lightning-fast.
You like to eat raw meat.
Your natural rate of healing is unusually fast.
You are covered in fur. (AC +1)
You have very tough skin. (AC +2)


Message History

Fire/throw which item? (* to show all) (? for menu, Esc to quit)
Okay, then.
Unknown command.
Unknown command.
Unknown command.
Unknown command.
Unknown command.
Fire/throw which item? (* to show all) (? for menu, Esc to quit)
Okay, then.
Evoke which item? (* to show all) (? for menu, Esc to quit)
Aiming: Cloud Cone
Press: ? - help, Dir - move target cursor, f/p - four-headed hydra
Aim: a four-headed hydra (severely wounded)
You create a blast of poison gas!
The wraith misses you.
You block the four-headed hydra's attack.
The four-headed hydra bites you!
* * * LOW HITPOINT WARNING * * *
The four-headed hydra completely misses you.
The four-headed hydra bites you!
You die...

#.............#'###...>.......
#....(........#...#.....######
##.............#...'.....#....#
#..............#...#.....#....+
#..............#####.....#....#
##..######...............###'##
#..#....#§....................
#..#....'§§§W........####.....
##.# #§§§D@>......# ###### #.#
#§§####+###### #.# #..# #.#
#..# #.# #..# #.######..#
#.........# #.......###
#.......#


You could see a four-headed hydra and a wraith.

Vanquished Creatures
  Nergalle (D:10)
  4 skeletal warriors
  Pikel (D:6)
  2 centaur skeletons
  Prince Ribbit (D:5)
  A meliai zombie (D:10)
  A hippogriff (D:5)
  Sigmund (D:6)
  7 yaks
  2 wyverns
  Duvessa (D:6)
  2 water moccasins
  A sky beast (D:8)
  4 ice beasts
  A swamp drake (D:9)
  6 orc warriors
  A black bear (D:9)
  A phantom (D:8)
  7 ogres
  3 centaurs
  3 big kobolds
  A gnoll sergeant (D:5)
  5 bullfrogs
  Dowan (D:6)
  3 scorpions
  4 killer bees (D:8)
  2 howler monkeys
  2 jellies
  5 bullfrog zombies
  2 crimson imps (D:5)
  3 hounds
  19 orc wizards
  A quasit (D:7)
  13 orc priests
  Ijyb (D:5)
  4 iguanas
  Natasha (thrice) (D:3 D:2)
  8 worker ants
  A killer bee zombie (D:10)
  2 hound zombies
  A howler monkey zombie (D:9)
  Robin (D:3)
  8 gnolls
  16 adders
  3 river rats (D:3)
  4 oozes (Sewer)
  An adder zombie (D:8)
  4 worms
  3 dart slugs
  7 leopard geckos
  53 orcs
  11 bats
  6 giant cockroaches
  10 hobgoblins
  11 jackals
  21 kobolds
  4 quokkas
  6 ball pythons
  4 frilled lizards
  16 goblins
  A jackal zombie (D:9)
  A leopard gecko skeleton (D:2)
  12 rats
335 creatures vanquished.

Vanquished Creatures (others)
  An orc wizard (D:6)
  A jackal (D:6)
2 creatures vanquished.

Grand Total: 337 creatures vanquished

Notes
Turn   | Place    | Note
-------+----------+-------------------------------------------
     0 | D:1      | MisterFreud the Troll Hunter began the quest for the Orb.
     0 | D:1      | Reached XP level 1. HP: 19/19 MP: 0/0
    68 | D:1      | Reached skill level 1 in Unarmed Combat
   130 | D:1      | Reached XP level 2. HP: 24/27 MP: 1/1
   748 | D:2      | Reached XP level 3. HP: 27/33 MP: 2/2
   923 | D:2      | Reached XP level 4. HP: 17/41 MP: 3/3
  1518 | D:3      | Reached XP level 5. HP: 47/48 MP: 4/4
  1526 | D:3      | Found a glowing drain.
  1536 | Sewer    | Entered a sewer
  1583 | Sewer    | Reached skill level 5 in Unarmed Combat
  1744 | Sewer    | Reached XP level 6. HP: 41/55 MP: 5/5
  1890 | D:3      | Noticed Natasha
  1905 | D:3      | Killed Natasha
  1988 | D:3      | Noticed an orc warrior
  2003 | D:3      | Killed an orc warrior
  2025 | D:3      | Noticed Natasha
  2031 | D:3      | Killed Natasha
  2031 | D:3      | Reached XP level 7. HP: 16/62 MP: 6/6
  2263 | D:3      | Noticed Robin
  2287 | D:3      | Noticed Natasha
  2399 | D:2      | Killed Natasha
  2420 | D:3      | Killed Robin
  2770 | D:4      | Found a staircase to the Ecumenical Temple.
  2779 | Temple   | Entered the Ecumenical Temple
  2885 | Temple   | Became a worshipper of Warmaster Okawaru
  2954 | D:4      | Found Velyum's Jewellery Boutique.
  2980 | D:4      | Found a shadowy altar of Dithmenos.
  3275 | D:4      | Found Aledwomp's Distillery.
  3281 | D:4      | Bought a potion of lignification for 33 gold pieces
  3281 | D:4      | Bought a potion of haste for 110 gold pieces
  3389 | D:5      | Entered Level 5 of the Dungeon
  3593 | D:5      | Reached skill level 5 in Throwing
  3672 | D:5      | Reached XP level 8. HP: 32/70 MP: 7/7
  3797 | D:5      | Reached * piety under Okawaru
  3985 | D:5      | Reached skill level 1 in Shields
  4018 | D:5      | Noticed a hippogriff
  4024 | D:5      | Killed a hippogriff
  4024 | D:5      | Reached skill level 2 in Shields
  4101 | D:5      | Reached skill level 3 in Shields
  4152 | D:5      | Noticed Ijyb
  4159 | D:5      | Killed Ijyb
  4182 | D:5      | Noticed Prince Ribbit
  4435 | D:5      | Killed Prince Ribbit
  4435 | D:5      | Reached skill level 4 in Shields
  4876 | D:5      | Reached ** piety under Okawaru
  4876 | D:5      | Reached skill level 5 in Shields
  5008 | D:5      | Reached XP level 9. HP: 73/76 MP: 8/8
  5120 | D:6      | Noticed Pikel
  5127 | D:6      | Killed Pikel
  5127 | D:6      | Reached skill level 6 in Shields
  5158 | D:6      | Reached skill level 7 in Shields
  5201 | D:6      | Noticed Sigmund
  5629 | D:7      | Reached *** piety under Okawaru
  5690 | D:7      | Reached skill level 8 in Shields
  5824 | D:6      | Killed Sigmund
  5899 | D:6      | Found Zeqa's General Store.
  6049 | D:6      | Noticed Dowan
  6055 | D:6      | Noticed Duvessa
  6072 | D:6      | Killed Duvessa
  6107 | D:6      | Killed Dowan
  6315 | D:6      | Found a runed door.
  6321 | D:6      | Noticed Jawreze's ghost (novice GrFi)
  6339 | D:6      | Found a runed door.
  6366 | D:6      | Found a runed door.
  6453 | D:7      | Reached skill level 9 in Shields
  6564 | D:7      | Reached XP level 10. HP: 81/85 MP: 9/9
  6644 | D:7      | Reached **** piety under Okawaru
  7504 | D:8      | Reached skill level 5 in Dodging
  7508 | D:8      | Found a blossoming altar of Fedhas.
  8162 | D:9      | Noticed a skeletal warrior
  8162 | D:9      | Noticed a skeletal warrior
  8162 | D:9      | Noticed a skeletal warrior
  8162 | D:9      | Noticed a skeletal warrior
  8284 | D:8      | Killed a skeletal warrior
  8284 | D:8      | Reached ***** piety under Okawaru
  8456 | D:9      | Received a gift from Okawaru
  8606 | D:9      | Found a staircase to the Orcish Mines.
  8658 | D:10     | Entered Level 10 of the Dungeon
  8844 | D:10     | Received a gift from Okawaru
  8844 | D:10     | Reached XP level 11. HP: 78/92 MP: 10/10
  8853 | D:10     | Got a warped hat {god gift}
  8859 | D:10     | Identified the +0 hat "Xipidgh" {+Blink rElec rCorr}
                  | (Okawaru gifted it to you on level 10 of the Dungeon)
  9015 | D:10     | Reached skill level 1 in Evocations
  9220 | D:9      | Killed a skeletal warrior
  9308 | D:9      | Killed a skeletal warrior
  9358 | D:9      | Killed a skeletal warrior
  9795 | D:10     | Identified the +3 shortbow "Panooghoohi" {flame, MR++ Str-5
                  | Dex+2}
  9841 | D:10     | Noticed Nergalle
  9859 | D:10     | Killed Nergalle
  9859 | D:10     | Reached skill level 5 in Evocations
 10194 | D:11     | Found a staircase to the Lair.
 10252 | D:11     | Noticed a four-headed hydra
 10265 | D:11     | HP: 3/92 [four-headed hydra (8)]
 10268 | D:11     | HP: 1/92 [four-headed hydra (11)]
 10268 | D:11     | Demolished by a four-headed hydra

Vault maps used:
D:1:      saegor_arrival_simple_e, dk_noncrumbling_4
D:2:      kennysheep_cross_room
D:3:      portal_sewer_entry_b, first_ration, uniq_robin, uniq_natasha
D:4:      minmay_temple_entry_junction_2, serial_shops, kennysheep_little_box,
          shop, grunt_dithmenos_smoke_and_mirrors
D:5:      uniq_prince_ribbit1, uniq_ijyb
D:6:      ebering_ghost_sewer_f, serial_shops, nicolae_shop_waterfront,
          uniq_pikel, uniq_sigmund, uniq_duvessa, uniq_crazy_yiuf_cottage
D:7:      chequers_serial_rivers_micro_e
D:8:      fedhas_altar_1
D:9:      erik_orc_1, solitary_fountain
D:10:     uniq_nergalle
D:11:     lair_entry_dummy
Temple:   kilobyte_greek_temple
Sewer:    sewer_co_15_rooms

Skill      XL: |  1  2  3  4  5  6  7  8  9 10 11 |
---------------+----------------------------------+-----
Unarmed Combat | 1 2 3 4 6 7 8 |  8.0
Throwing       | 5 6 |  6.0
Shields        | 5 9 |  9.0
Dodging        | 2 7 8 |  8.0
Evocations     | 5 |  5.0
Fighting       | |  1.5
Stealth        | |  0.3

Action                   |  1- 3 |  4- 6 |  7- 9 | 10-12 || total
-------------------------+-------+-------+-------+-------++-------
Melee: Unarmed           |   114 |   187 |   426 |   462 ||  1189
       Punch             |       |     1 |     2 |       ||     3
Throw: Javelin           |       |     1 |     3 |     2 ||     6
       Large rock        |       |       |     4 |     5 ||     9
       Throwing net      |       |       |       |     2 ||     2
       Stone             |       |       |       |     1 ||     1
Invok: Heroism           |       |       |       |     6 ||     6
Evoke: Wand              |       |       |       |     2 ||     2
  Use: Scroll            |       |     6 |     8 |     2 ||    16
       Potion            |       |       |     3 |     2 ||     5
 Stab: Sleeping          |     1 |       |       |     1 ||     2
  Eat: Chunk             |    13 |    12 |    40 |    34 ||    99
Armor: Robe              |    61 |    44 |    83 |    33 ||   221
       Skin              |       |       |     1 |       ||     1
Dodge: Dodged            |    74 |    79 |   126 |   152 ||   431
Block: Shield            |       |       |   135 |   255 ||   390

Table legend:
 A = Non-vault XP
 B = Vault XP
 C = Vault XP percentage of total XP
 D = Non-vault monster count
 E = Vault monster count
 F = Vault count percentage of total count
                 A         B        C        D         E       F
            +---------+---------+-------+---------+---------+-------
      Total |   12884 |    3171 |  19.8 |     268 |      67 |  20.0
            +---------+---------+-------+---------+---------+-------
        D:1 |      39 |       0 |   0.0 |      26 |       0 |   0.0
        D:2 |     193 |       0 |   0.0 |      30 |       0 |   0.0
        D:3 |     360 |     117 |  24.5 |      30 |      21 |  41.2
        D:4 |     188 |       0 |   0.0 |      16 |       0 |   0.0
        D:5 |    1348 |     304 |  18.4 |      35 |       2 |   5.4
        D:6 |     517 |    1082 |  67.7 |      15 |       4 |  21.1
        D:7 |    1732 |       0 |   0.0 |      28 |       0 |   0.0
        D:8 |    2150 |       0 |   0.0 |      28 |       0 |   0.0
        D:9 |    4769 |     550 |  10.3 |      40 |      16 |  28.6
       D:10 |    1588 |     832 |  34.4 |      20 |       2 |   9.1
      Sewer |       0 |     286 | 100.0 |       0 |      22 | 100.0
            +---------+---------+-------+---------+---------+-------
